 Dungeon Crawl Stone Soup version 0.28.0-53-g5a82cb258f (webtiles) character file.

Game seed: 12709917263904473998

189 dranuc9 the Conjurer (level 5, -1/28 HPs)
             Began as a Deep Elf Conjurer on June 26, 2022.
             Slain by SanguineChosen's ghost (3 damage)
             ... on level 3 of the Dungeon.
             The game lasted 00:12:07 (3214 turns).

dranuc9 the Conjurer (Deep Elf Conjurer)            Turns: 3214, Time: 00:12:08

Health: -1/28      AC:  3    Str:  4    XL:     5   Next: 40%
Magic:  2/13       EV: 12    Int: 25    God:
Gold:   80         SH:  0    Dex: 13    Spells: 10/13 levels left

rFire   + . .      SeeInvis .   l - +0 shortbow
rCold   . . .      Faith    .   (shield currently unavailable)
rNeg    . . .      Spirit   .   a - +0 robe
rPois   +          Reflect  .   (no helmet)
rElec   .          Harm     .   (no cloak)
rCorr   .          Rampage  .   n - +0 pair of gloves
Will    .....                   (no boots)
Stlth   ++........              (no amulet)
HPRegen 0.09/turn               c - ring of poison resistance
MPRegen 0.13/turn               d - ring of protection from fire

@: no status effects
A: no striking features
a: no special abilities


You were on level 3 of the Dungeon.
You visited 1 branch of the dungeon, and saw 3 of its levels.

You collected 80 gold pieces.

Inventory:

Hand Weapons
 h - a +1 dagger of speed
 l - a +0 shortbow (weapon)
Missiles
 f - 23 arrows (quivered ammo)
 k - 4 poisoned darts
Armour
 a - a +0 robe (worn)
 n - a +0 pair of gloves (worn)
Magical Staves
 j - a staff of cold
 m - a staff of poison
Jewellery
 c - a ring of poison resistance (left hand)
 d - a ring of protection from fire (right hand)
Scrolls
 e - a scroll of enchant armour {unknown}
Potions
 b - a potion of magic {unknown}
 g - 2 potions of attraction {unknown}
 i - 2 potions of lignification {unknown}


   Skills:
 + Level 2.7 Dodging
 + Level 3.4 Stealth
 + Level 4.5 Spellcasting
 + Level 6.4 Conjurations


You had 10 spell levels left.
You knew the following spells:

 Your Spells              Type           Power      Damage    Failure   Level
a - Magic Dart            Conj           100%       1d8       1%          1
b - Searing Ray           Conj           74%        2d7       1%          2

Your spell library contained the following spells:

 Spells                   Type           Power      Damage    Failure   Level
 Dazzling Flash           Conj/Hex       42%        N/A       7%          3
 Fulminant Prism          Conj/Hex       10%        3d9       24%         4
 Iskenderun's Mystic Bla  Conj/Tloc      21%        2d6       24%         4


Dungeon Overview and Level Annotations

Branches:
Dungeon (3/15)

Altars:
Cheibriados
Ru

Annotations:
D:3 SanguineChosen's ghost, amateur HOCA


Message History

The searing ray misses the adder.
The bullfrog hits you!
Casting: Searing Ray (safe; 1% risk of failure)
Confirm with . or Enter, or press ? or * to list all spells.
You don't know that spell.
Casting: Searing Ray (safe; 1% risk of failure)
Confirm with . or Enter, or press ? or * to list all spells.
Restarting spell: Searing Ray (safe; 1% risk of failure)
Press: ? - help, Shift-Dir - straight line The searing ray hits the bullfrog.
The bullfrog is almost dead.
The searing ray hits the adder!
You kill the adder!
The searing ray hits SanguineChosen's ghost!
SanguineChosen's ghost is moderately damaged. (Press . to maintain the ray.)
The bullfrog hits you.
* * * LOW HITPOINT WARNING * * *
The bullfrog misses you.
Your Spellcasting skill increases to level 4!
Casting: Searing Ray (safe; 1% risk of failure)
Confirm with . or Enter, or press ? or * to list all spells.
Restarting spell: Searing Ray (safe; 1% risk of failure)
Press: ? - help, Shift-Dir - straight line The searing ray hits the bullfrog!
You kill the bullfrog!
The searing ray hits SanguineChosen's ghost!
SanguineChosen's ghost is heavily damaged. (Press . to maintain the ray.)
You have reached level 5!
Casting: Searing Ray (safe; 1% risk of failure)
Confirm with . or Enter, or press ? or * to list all spells.
Aiming: Searing Ray (safe; 1% risk of failure)
Press: ? - help, Shift-Dir - straight line, f - SanguineChosen's ghost
Aim: SanguineChosen's ghost, wielding a weapon of freezing (moderately damaged, 78% to hit)
The searing ray misses SanguineChosen's ghost. (Press . to maintain the ray.) SanguineChosen's ghost hits you.
* * * LOW HITPOINT WARNING * * *
SanguineChosen's ghost freezes you.
You die...

######..........#
.....'....#.....#
######...#_#....#
....<'...#......#
######..........#
......#########.##
......# #..##
......# #######...#
......# #.......@.#
......###.####'#W.#
......'...#≈§§≈#.##
......##..#≈_>≈#)#
########..#§.8≈#.##
#........#§§§≈#.†#
#........######..#
##............)...#
.........####S###.#


You could see SanguineChosen's ghost.

Vanquished Creatures
  A bullfrog (D:3)
  4 adders (D:3)
  3 gnolls (D:3)
  A worm (D:2)
  2 dart slugs
  An orc (D:3)
  7 bats
  2 endoplasms
  5 giant cockroaches
  5 goblins
  3 hobgoblins
  3 quokkas
  7 ball pythons
  5 frilled lizards
  2 kobolds
  5 rats
56 creatures vanquished.

Notes
Turn   | Place    | Note
-------+----------+-------------------------------------------
     0 | D:1      | dranuc9 the Deep Elf Conjurer began the quest for the Orb.
     0 | D:1      | Reached XP level 1. HP: 10/10 MP: 6/6
   444 | D:1      | Reached XP level 2. HP: 15/15 MP: 5/8
   603 | D:1      | Learned a level 2 spell: Searing Ray
   734 | D:1      | Reached skill level 5 in Conjurations
  1332 | D:2      | Reached XP level 3. HP: 19/19 MP: 5/9
  2081 | D:3      | Found a faded altar of an unknown god.
  2135 | D:3      | Found a snail-covered altar of Cheibriados.
  2190 | D:3      | Reached XP level 4. HP: 24/24 MP: 6/11
  2231 | D:3      | Found a runed translucent door.
  2628 | D:3      | Found a sacrificial altar of Ru.
  2776 | D:3      | Reached skill level 6 in Conjurations
  3116 | D:3      | Noticed SanguineChosen's ghost (amateur HOCA)
  3116 | D:3      | Noticed a bullfrog
  3211 | D:3      | Killed a bullfrog
  3212 | D:3      | Reached XP level 5. HP: 8/28 MP: 4/13
  3214 | D:3      | Slain by SanguineChosen's ghost

Illustrated notes

Levels and vault maps discovered:
D:1:      evilmike_arrival_rings, layout_loops_ring, minmay_tetromino_l2
D:2:      layout_basic
D:3:      layout_basic, general_overflow_altar, nicolae_ru_awakened_eye,
          ebering_ecumenical_altar_rust, ebering_ghost_sewer_d,
          minmay_misc_feat_plants, minmay_checkerbox

Skill      XL: |  1  2  3  4 |
---------------+-------------+-----
Conjurations   | 5 6 |  6.4
Stealth        | 3 |  3.4
Spellcasting   | 4 |  4.5
Dodging        | |  2.7

Action                   |  1- 3 |  4- 6 || total
-------------------------+-------+-------++-------
 Cast: Magic Dart        |    60 |    25 ||    85
       Searing Ray       |     4 |     6 ||    10
Armor: Robe              |     1 |     4 ||     5
Dodge: Dodged            |     2 |     6 ||     8
